 Dungeon Crawl Stone Soup version 0.29.1-12-g30fa7ad0bf (webtiles) character file.

Game seed: 3520058696000883550

204 croobank the Conjurer (level 5, -5/39 HPs)
             Began as a Demonspawn Conjurer on Jan 14, 2023.
             Slain by Duvessa
             ... wielding a +3 short sword of venom
              (8 damage)
             ... on level 4 of the Dungeon.
             The game lasted 00:07:33 (4220 turns).

croobank the Conjurer (Demonspawn Conjurer)         Turns: 4220, Time: 00:07:34

Health: -5/39      AC:  9    Str:  7    XL:     5   Next: 52%
Magic:  1/9        EV: 13    Int: 21    God:
Gold:   157        SH:  0    Dex: 18    Spells: 3/9 levels left

rFire   . . .      SeeInvis .   r - +4 quarterstaff (chaos)
rCold   . . .      Faith    .   (shield currently unavailable)
rNeg    . . .      Spirit   .   a - +0 robe
rPois   +          Reflect  .   l - +2 helmet
rElec   .          Harm     .   s - +2 cloak {rPois}
rCorr   .          Rampage  .   A - +0 pair of gloves
Will    .....                   (no boots)
Stlth   ++........              (no amulet)
HPRegen 0.13/turn               t - +6 ring of dexterity
MPRegen 0.11/turn               (no ring)

@: no status effects
A: hooves 2, demonic magic 1
a: no special abilities


You were on level 4 of the Dungeon.
You visited 1 branch of the dungeon, and saw 4 of its levels.

You collected 157 gold pieces.

Inventory:

Hand Weapons
 e - a +0 falchion
 i - a +0 sling
 r - a +4 quarterstaff of chaos (weapon)
 w - a +4 short sword
 x - a +2 dagger of electrocution
Missiles
 j - a throwing net
Armour
 a - a +0 robe (worn)
 l - a +2 helmet (worn)
 s - a +2 cloak of poison resistance (worn)
 A - a +0 pair of gloves (worn)
Magical Staves
 B - a staff of air
Jewellery
 t - a +6 ring of dexterity (left hand)
Scrolls
 d - a scroll of immolation {unknown}
 f - 4 scrolls of identify {unknown}
 h - 4 scrolls of teleportation {unknown}
 n - 2 scrolls of magic mapping {unknown}
 q - a scroll of fog {unknown}
 u - a scroll of poison {unknown}
 v - a scroll of vulnerability {unknown}
 y - a scroll of silence {unknown}
Potions
 b - a potion of magic
 c - a potion of mutation {unknown}
 g - a potion of heal wounds {unknown}
 k - a potion of might {unknown}
 m - a potion of attraction {unknown}
 o - 2 potions of haste {unknown}
 p - 2 potions of curing {unknown}
 z - a potion of ambrosia {unknown}


   Skills:
 * Level 2.3 Fighting
 + Level 2.7 Dodging
 + Level 2.8 Stealth
 + Level 2.9 Spellcasting
 + Level 4.6 Conjurations
 + Level 0.5 Hexes


You had 3 spell levels left.
You knew the following spells:

 Your Spells              Type           Power      Damage    Failure   Level
a - Magic Dart            Conj           88%        1d7       1%          1
b - Searing Ray           Conj           44%        2d6       3%          2
c - Dazzling Flash        Conj/Hex       26%        N/A       14%         3

Your spell library contained the following spells:

 Spells                   Type           Power      Damage    Failure   Level
 Poisonous Vapours        Pois/Air       6%         N/A       21%         2
 Fulminant Prism          Conj/Hex       6%         3d7       43%         4
 Iskenderun's Mystic Bla  Conj/Tloc      12%        2d5       45%         4
 Corpse Rot               Necr/Pois/Air  3%         N/A       80%         4


Dungeon Overview and Level Annotations

Branches:
Dungeon (4/15)
 Temple: D:4-7

Altars:
Dithmenos
Ru

Shops:
D:1 *(

Annotations:
D:4 Duvessa


Innate Abilities, Weirdness & Mutations

You have hoof-like feet.
Spells you cast may paralyse adjacent enemies.


Message History

Duvessa is lightly wounded.
The searing ray hits Dowan.
Dowan is heavily wounded. (Press . to maintain the ray.) Malevolent energies surge around you.
The searing ray hits Duvessa!
Duvessa is moderately wounded.
The searing ray hits Dowan!
Dowan is almost dead.
Duvessa hits you with a +3 short sword of venom!
The searing ray hits Duvessa.
Duvessa is heavily wounded.
The searing ray hits Dowan.
Dowan is almost dead.
Duvessa hits you but does no damage.
The searing ray hits Duvessa.
Duvessa is heavily wounded.
The searing ray misses Dowan.
You finish channelling your searing ray.
Duvessa hits you with a +3 short sword of venom.
Casting: Searing Ray (safe; 3% risk of failure)
Confirm with . or Enter, or press ? or * to list all spells.
Aiming: Searing Ray (safe; 3% risk of failure)
Press: ? - help, Shift-Dir - straight line, f/p - Dowan
Aim: Dowan, wielding a +0 dagger and wearing a +0 robe (almost dead, 69% to hit)
The searing ray hits Duvessa.
Duvessa is severely wounded.
The searing ray hits Dowan.
You kill Dowan!
Duvessa screams, "No!
How DARE you!"
Duvessa goes berserk! (Press . to maintain the ray.) Malevolent energies surge around you.
Duvessa hits you with a +3 short sword of venom!
The searing ray hits Duvessa but does no damage.
Duvessa is severely wounded.
Duvessa hits you with a +3 short sword of venom!
* * * LOW HITPOINT WARNING * * *
Duvessa hits you with a +3 short sword of venom!
You die...

#.....## ######........#
..##########.............#
.............####........#
...########### #........#
.#.# ########## .#..#
.##... ##### ..####.
......####### #.#
#)e@....#
#.##################.#
.....................#
#..###################
####


You could see Duvessa (berserk).

Vanquished Creatures
  Dowan (D:4)
  Crazy Yiuf (D:2)
  3 gnolls (D:2)
  4 adders
  A worm (D:2)
  A dart slug (D:1)
  An orc (D:3)
  5 ball pythons
  3 bats
  5 endoplasms
  5 giant cockroaches
  2 goblins (D:2)
  5 hobgoblins
  2 quokkas
  2 frilled lizards
  7 kobolds
  6 rats
54 creatures vanquished.

Notes
Turn   | Place    | Note
-------+----------+-------------------------------------------
     0 | D:1      | croobank the Demonspawn Conjurer began the quest for the
                  | Orb.
     0 | D:1      | Reached XP level 1. HP: 13/13 MP: 3/3
   184 | D:1      | Found Tyapnall's General Store.
   200 | D:1      | Gained mutation: You have large cloven feet. [demonic
                  | ancestry]
   200 | D:1      | Reached XP level 2. HP: 16/19 MP: 0/5
   257 | D:1      | Learned a level 2 spell: Searing Ray
   434 | D:1      | Found Wasiraff's Weapon Shop.
   713 | D:1      | Found a faded altar of an unknown god.
   921 | D:2      | Gained mutation: Spells you cast may paralyse adjacent
                  | enemies. [demonic ancestry]
   921 | D:2      | Reached XP level 3. HP: 25/25 MP: 1/6
  1483 | D:2      | Reached skill level 1 in Fighting
  1561 | D:2      | Gained mutation: You have hoof-like feet. [demonic
                  | ancestry]
  1561 | D:2      | Reached XP level 4. HP: 31/32 MP: 3/7
  1981 | D:2      | Learned a level 3 spell: Dazzling Flash
  2428 | D:2      | Found a runed translucent door.
  2429 | D:2      | Noticed Crazy Yiuf
  2435 | D:2      | Killed Crazy Yiuf
  2665 | D:3      | Found a shadowy altar of Dithmenos.
  2964 | D:3      | Reached XP level 5. HP: 38/38 MP: 1/9
  3342 | D:3      | Found a sacrificial altar of Ru.
  4209 | D:4      | Noticed Duvessa
  4209 | D:4      | Noticed Dowan
  4219 | D:4      | Killed Dowan
  4220 | D:4      | Slain by Duvessa

Illustrated notes

Levels and vault maps discovered:
D:1:      minmay_arrival_stair_chambers, layout_rooms, serial_shops,
          nicolae_shop_statue_plus, nicolae_shop_hallway_stairs,
          hellmonk_ecumenical_altar_prayer_group
D:2:      minmay_evil_eye, layout_loops_cross, patterned_corridor,
          uniq_crazy_yiuf_cottage
D:3:      cheibrodos_helix_gallery, layout_loops_ring,
          mainiacjoe_overflow_concentric_impassable, nicolae_ru_awakened_eye,
          roderic_lattice_a, minmay_misc_feat_encased
D:4:      layout_rooms, uniq_duvessa

Skill      XL: |  1  2  3  4 |
---------------+-------------+-----
Stealth        | 2 |  2.8
Dodging        | 2 |  2.7
Fighting       | 1 2 |  2.3
Spellcasting   | |  2.9
Conjurations   | |  4.6
Hexes          | |  0.5

Action                   |  1- 3 |  4- 6 || total
-------------------------+-------+-------++-------
Melee: Falchion          |    17 |     8 ||    25
       Quarterstaff      |       |     3 ||     3
       Kick              |       |     1 ||     1
 Cast: Magic Dart        |    20 |     6 ||    26
       Searing Ray       |    15 |    23 ||    38
 Stab: Paralysed         |     2 |     1 ||     3
       Sleeping          |       |     2 ||     2
Armor: Robe              |     4 |     7 ||    11
Dodge: Dodged            |    27 |    11 ||    38
